 Dungeon Crawl Stone Soup version 0.29-a0-994-gc5c9f59d18 (webtiles) character file.

Game seed: 5000357786958490564

549 Newt the Twirler (level 7, -3/52 HPs)
             Began as a Demonspawn Gladiator on Aug 3, 2022.
             Slain by Blork the orc
             ... wielding a +0 glaive
              (14 damage)
             ... on level 5 of the Dungeon.
             The game lasted 00:08:47 (5021 turns).

Newt the Twirler (Demonspawn Gladiator)             Turns: 5021, Time: 00:08:48

Health: -3/52      AC:  9    Str: 16    XL:     7   Next: 7%
Magic:  7/7        EV: 13    Int: 10    God:
Gold:   189        SH:  4    Dex: 14    Spells: 6/6 levels left

rFire   + . .      SeeInvis .   t - staff of fire
rCold   + . .      Faith    .   (no shield)
rNeg    . . .      Spirit   .   b - +0 leather armour
rPois   .          Reflect  .   (helmet restricted)
rElec   .          Harm     .   (no cloak)
rCorr   .          Rampage  .   j - +0 pair of gloves
Will    .....                   w - +0 pair of boots
Stlth   +.........              (no amulet)
HPRegen 0.17/turn               g - ring of protection from cold
MPRegen 0.10/turn               l - +4 ring of protection

@: no status effects
A: horns 1, powered by pain 2, condensation shield
a: no special abilities


You were on level 5 of the Dungeon.
You visited 1 branch of the dungeon, and saw 5 of its levels.
You also visited: Sewer.

You collected 189 gold pieces.

Inventory:

Hand Weapons
 a - a +1 quarterstaff
Missiles
 d - 2 throwing nets (quivered)
 i - a datura-tipped dart
Armour
 b - a +0 leather armour (worn)
 c - a +0 helmet
 j - a +0 pair of gloves (worn)
 w - a +0 pair of boots (worn)
Magical Staves
 t - a staff of fire (weapon)
 u - a staff of earth
Jewellery
 g - a ring of protection from cold (left hand)
 l - a +4 ring of protection (right hand)
 n - a ring of protection from cold
Wands
 e - a wand of flame (4)
 m - a wand of quicksilver (7)
Scrolls
 v - a scroll of silence {unknown}
Potions
 f - a potion of curing
 h - a potion of magic {unknown}
 k - a potion of cancellation {unknown}
 o - 2 potions of brilliance {unknown}
 q - a potion of attraction {unknown}
 r - a potion of degeneration {unknown}
 s - a potion of heal wounds {unknown}


   Skills:
 + Level 3.2 Fighting
 * Level 4.6 Staves
 + Level 2.1 Throwing
 + Level 1.9 Armour
 + Level 3.8 Dodging
 - Level 0.2 Stealth
 - Level 0.2 Shields
 * Level 0.2 Fire Magic
 - Level 0.7 Earth Magic
 * Level 3.0 Evocations


You had 6 spell levels left.
You didn't know any spells.
Your spell library was empty.

Dungeon Overview and Level Annotations

Branches:
Dungeon (5/15)              Sewer (visited)
 Temple: D:4-7

Altars:
Sif Muna

Annotations:
D:5 Blork the orc


Innate Abilities, Weirdness & Mutations

You have a pair of small horns on your head.
You sometimes gain power by taking damage.
A meltable shield of frost defends you. (SH +4)


Message History

You closely miss the hound. You headbutt the hound.
You kill the hound!
Blork the orc hits you from afar with a +0 glaive!!
Blork the orc misses you.
Unknown command.
Blork the orc barely misses you.
You see here a datura-tipped dart.
You hit Blork the orc but do no damage. You burn Blork the orc.
You headbutt Blork the orc!
Blork the orc is moderately wounded.
Blork the orc hits you but does no damage.
You block Blork the orc's attack.
You hit Blork the orc. You burn Blork the orc. You headbutt Blork the orc!
Blork the orc is heavily wounded.
Blork the orc closely misses you.
You barely miss Blork the orc.
Blork the orc is heavily wounded.
Blork the orc barely misses you.
Blork the orc hits you with a +0 glaive!
* * * LOW HITPOINT WARNING * * *
You hit Blork the orc but do no damage.
Blork the orc is heavily wounded.
Blork the orc closely misses you.
Throw: 3 throwing nets
Press: ? - help, Q - select action, (/) - cycle Shift-Dir - straight line, f - Blork the orc
Aim: Blork the orc, wielding a +0 glaive, wearing a +0 robe and carrying a wand of roots (2) (heavily wounded, fast, strong, frenzied and insane, 64% to hit)
You throw a throwing net. The throwing net hits Blork the orc.
Blork the orc is caught in the net!
Blork the orc is heavily wounded.
Blork the orc struggles against the net. x2
Blork the orc struggles against the net.
The net rips apart, and Blork the orc comes free!
Throw: javelin
Press: ? - help, Shift-Dir - straight line, f/p - Blork the orc
Aim: Blork the orc, wielding a +0 glaive, wearing a +0 robe and carrying a wand of roots (2) (heavily wounded, fast, strong, frenzied and insane, 64% to hit)
You throw a javelin.
The javelin pierces through Blork the orc!
Blork the orc is almost dead.
Blork the orc hits you from afar with a +0 glaive!
You die...

###################
#....'.............
#....#.............
#....#.............
#?...#.†......##...
#...###..#######...
#(@.###..##...##...
#..o...#.......(......
#......#..............
..'......#..............
.(.##.....#.........##...
.. #.....#######...##...
. ......# ##...##...
.....>.. #.........
+.........


You could see the neutral Blork the orc (fast, strong, insane).

Vanquished Creatures
  2 kobold brigands (Sewer)
  A necrophage (D:4)
  A scorpion (D:4)
  2 hounds
  An iguana (D:5)
  Ijyb (D:3)
  10 adders
  9 worms
  A dart slug (D:4)
  3 orcs
  4 bats
  6 endoplasms
  5 giant cockroaches
  5 goblins
  3 hobgoblins
  3 quokkas
  9 ball pythons
  6 kobolds
  5 rats
77 creatures vanquished.

Notes
Turn   | Place    | Note
-------+----------+-------------------------------------------
     0 | D:1      | Newt the Demonspawn Gladiator began the quest for the Orb.
     0 | D:1      | Reached XP level 1. HP: 16/16 MP: 1/1
   492 | D:1      | Found a faded altar of an unknown god.
   633 | D:2      | Reached skill level 1 in Evocations
   633 | D:2      | Gained mutation: You sometimes gain a little power by
                  | taking damage. [demonic ancestry]
   633 | D:2      | Reached XP level 2. HP: 13/22 MP: 2/2
   852 | D:2      | Reached skill level 3 in Staves
   852 | D:2      | Reached XP level 3. HP: 27/27 MP: 3/3
  1860 | D:3      | Noticed Ijyb
  1871 | D:3      | Killed Ijyb
  1872 | D:3      | Gained mutation: You sometimes gain power by taking damage.
                  | [demonic ancestry]
  1872 | D:3      | Reached XP level 4. HP: 31/33 MP: 4/4
  1918 | D:3      | Found a shimmering blue altar of Sif Muna.
  1960 | D:3      | Found a glowing drain.
  1974 | Sewer    | Entered a sewer
  2508 | Sewer    | Gained mutation: A meltable shield of frost defends you.
                  | (SH +4) [demonic ancestry]
  2508 | Sewer    | Reached XP level 5. HP: 33/39 MP: 5/5
  2856 | Sewer    | Reached skill level 1 in Armour
  3025 | Sewer    | Reached skill level 4 in Staves
  3025 | Sewer    | Reached XP level 6. HP: 28/46 MP: 6/6
  4916 | D:5      | Entered Level 5 of the Dungeon
  4964 | D:5      | Gained mutation: You have a pair of small horns on your
                  | head. [demonic ancestry]
  4964 | D:5      | Reached XP level 7. HP: 48/52 MP: 7/7
  5001 | D:5      | Noticed Blork the orc
  5021 | D:5      | Slain by Blork the orc

Illustrated notes

Levels and vault maps discovered:
D:1:      zelgadis_glass_arrival_small, layout_loops_cross,
          hellmonk_ecumenical_altar_zigzags
D:2:      layout_loops_ring
D:3:      layout_basic, nicolae_overflow_crystal_walls, portal_sewer_entry_f,
          kennysheep_generic_room_10, uniq_ijyb
D:4:      layout_basic
D:5:      layout_gridville, nicolae_overflow_hidden_temple, marbit_many_paths,
          serial_glass, glass_columns_b, glass_columns_b, grunt_decor_clamped,
          uniq_blork_the_orc, uniq_eustachio, uniq_menkaure

Skill      XL: |  1  2  3  4  5  6 |
---------------+-------------------+-----
Throwing       | 2 |  2.1
Evocations     | 1 2 3 |  3.0
Dodging        | 3 |  3.8
Staves         | 3 4 |  4.6
Armour         | 1 |  1.9
Fighting       | 3 |  3.2
Stealth        | |  0.2
Shields        | |  0.2
Fire Magic     | |  0.2
Earth Magic    | |  0.7

Action                   |  1- 3 |  4- 6 |  7- 9 || total
-------------------------+-------+-------+-------++-------
Melee: Quarterstaff      |   102 |   187 |       ||   289
       Staff             |       |   176 |    18 ||   194
       Punch             |       |     1 |       ||     1
       Headbutt          |       |       |     4 ||     4
Throw: Throwing net      |     2 |       |     1 ||     3
       Javelin           |     2 |       |     1 ||     3
       Dart              |     1 |     2 |     2 ||     5
Evoke: Wand              |       |     4 |       ||     4
  Use: Scroll            |     2 |     3 |       ||     5
       Potion            |     1 |     2 |       ||     3
 Stab: Sleeping          |       |     1 |       ||     1
Armor: Leather armour    |    34 |   102 |     8 ||   144
Dodge: Dodged            |    64 |   182 |    19 ||   265
Block: Other             |       |    39 |     3 ||    42

Table legend: (Time is in decaauts)
 A = Elapsed time spent in this place.
 B = Non-inter-level travel time spent in this place.
 C = Inter-level travel time spent in this place.
 D = Time resting spent in this place.
 E = Time spent auto-exploring this place.
 F = Levels seen in this place.
 G = Mean time per level.
                   A        B        C        D        E       F      G
               +--------+--------+--------+--------+--------+-----+--------+
         Total |   5134 |   5063 |     71 |    846 |   3296 |   6 |  855.7 |
       Dungeon |   3757 |   3686 |     71 |    234 |   2783 |   5 |  751.4 |
         Sewer |   1377 |   1377 |      0 |    612 |    513 |   1 | 1377.0 |
               +--------+--------+--------+--------+--------+-----+--------+

Top non-repeatable levels by time:
     D:4: 1385 daAuts
   Sewer: 1377 daAuts
     D:2: 851 daAuts
     D:3: 792 daAuts
     D:1: 625 daAuts
     D:5: 103 daAuts
